 Dungeon Crawl Stone Soup version 0.21-a0-582-g1b93aee (webtiles) character file.

75 4thArraOfDagon the Sneak (level 4, -2/40 HPs)
             Began as a Deep Dwarf Enchanter on Dec 19, 2017.
             Slain by a shadow imp (4 damage)
             ... on level 5 of the Dungeon.
             The game lasted 00:05:50 (762 turns).

4thArraOfDagon the Sneak (Deep Dwarf Enchanter)      Turns: 762, Time: 00:05:51

Health: -2/40      AC:  0    Str:  8 (11) XL:     4   Next: 11%
Magic:  5/5        EV:  3    Int: 17      God:
Gold:   99         SH:  0    Dex: 12 (13) Spells: 5/6 levels left

rFire    . . .     SeeInvis .   g - +1 hand axe
rCold    . . .     Gourm    .   (no shield)
rNeg     . . .     Faith    .   f - +0 chain mail
rPois    .         Spirit   .   (no helmet)
rElec    .         Reflect  .   (no cloak)
rCorr    .         Harm     .   (no gloves)
MR       .....                  (no boots)
Stlth    ..........             (no amulet)
HPRegen  0.00/turn              (no ring)
MPRegen  0.09/turn              (no ring)

@: corroded, non-regenerating
A: damage resistance, heal wounds, sense surroundings 1, no regeneration
a: Heal Wounds


You were on level 5 of the Dungeon.
You were not hungry.

You visited 1 branch of the dungeon, and saw 5 of its levels.

You collected 99 gold pieces.

Inventory:

Hand Weapons
 a - a +1 dagger
 g - a +1 hand axe (weapon)
Armour
 b - a +0 robe
 f - a +0 chain mail (worn)
 h - a +0 plate armour
Scrolls
 k - a scroll of identify
Potions
 i - 2 potions of flight
Books
 c - a book of Maledictions

   Spells                             Type                      Level
   a - Corona                         Hexes                        1
   b - Ensorcelled Hibernation        Hexes/Ice                    2
   c - Confuse                        Hexes                        3
   d - Tukima's Dance                 Hexes                        3
   e - Dazzling Spray                 Conjuration/Hexes            3
Comestibles
 d - 8 rations


   Skills:
 + Level 2.3 Fighting
 - Level 0.8 Short Blades
 * Level 2.7 Axes
 - Level 2.1 Dodging
 - Level 3.6 Stealth
 - Level 1.7 Spellcasting
 - Level 2.4 Hexes


You had 5 spell levels left.
You knew the following spells:

 Your Spells              Type           Power        Failure   Level  Hunger
a - Corona                Hex            #......      100%        1    #......


Dungeon Overview and Level Annotations

Branches:
Dungeon (6/15)
 Temple: D:4-7

Altars:
Gozag
Nemelex Xobeh
Xom
Yredelemnul

Annotations:
D:6 Dowan


Innate Abilities, Weirdness & Mutations

You are resistant to damage.
You can heal yourself by infusing magical energy.
You passively map a small area around you.
You do not regenerate.


Message History

You feel much better. The shadow imp hits you. The orc hits you with a whip.
Unknown command.
You hit the shadow imp but do no damage.
The shadow imp is moderately wounded.
You hit the orc but do no damage. The shadow imp hits you.
The orc hits you with a whip.
You hit the shadow imp.
The shadow imp is almost dead.
You barely miss the orc. The shadow imp gestures at you.
Pain shoots through your body! The orc hits you with a whip!
* * * LOW HITPOINT WARNING * * *
You hit the shadow imp but do no damage.
The shadow imp is almost dead.
You hit the orc but do no damage. The shadow imp hits you.
* * * LOW HITPOINT WARNING * * *
The orc hits you with a whip.
* * * LOW HITPOINT WARNING * * *
The shadow imp hits you.
You die...

+ , , * * *, ,
*, , , , * , *
###############
#.......o@5...#
#.###########.#
#.* , #. * *
#.* #. * #. *
#o * ,


You could see a shadow imp and an orc.

Vanquished Creatures
  A jelly (D:5)
  An adder (D:6)
  An ooze (D:1)
  2 dart slugs
  A leopard gecko (D:1)
  3 giant cockroaches
  2 goblins (D:1)
  2 hobgoblins
  4 jackals (D:2)
  A ball python (D:1)
  5 bats
  3 frilled lizards (D:1)
  A kobold (D:1)
  3 rats (D:1)
30 creatures vanquished.

Notes
Turn   | Place    | Note
-------+----------+-------------------------------------------
     0 | D:1      | 4thArraOfDagon the Deep Dwarf Enchanter began the quest for the Orb.
     0 | D:1      | Reached XP level 1. HP: 15/15 MP: 3/3
    75 | D:1      | Reached skill level 1 in Fighting
   160 | D:1      | Reached XP level 2. HP: 23/25 MP: 2/4
   289 | D:1      | Reached skill level 1 in Axes
   426 | D:2      | Reached XP level 3. HP: 17/32 MP: 5/5
   539 | D:3      | Found an opulent altar of Gozag.
   553 | D:3      | You fall through a shaft for 3 floors!
   578 | D:6      | Found a shimmering altar of Xom.
   611 | D:6      | Found a basalt altar of Yredelemnul.
   662 | D:6      | Found a sparkling altar of Nemelex Xobeh.
   698 | D:6      | Noticed Dowan
   735 | D:5      | Entered Level 5 of the Dungeon
   754 | D:5      | Reached XP level 4. HP: 22/40 MP: 5/5
   762 | D:5      | HP: 2/40 [orc/whip (4)]
   762 | D:5      | Slain by a shadow imp

Vault maps used:
D:1:      lightli_arrival_isolated_outpost
D:2:      minmay_misc_feat_x
D:3:      nicolae_overflow_crystal_walls, tgw_trog, first_ration, uniq_grinder
D:5:      lemuel_crystal_altar
D:6:      marbit_many_paths, overflow_temple_1_default,
          lemuel_coloured_pillars_altar, kennysheep_mini, uniq_edmund,
          uniq_duvessa

Skill      XL: |  1  2  3 |
---------------+----------+-----
Fighting       | 1 2 |  2.3
Axes           | 1 2 |  2.7
Short Blades   | |  0.8
Dodging        | |  2.1
Stealth        | |  3.6
Spellcasting   | |  1.7
Hexes          | |  2.4

Action                   |  1- 3 |  4- 6 || total
-------------------------+-------+-------++-------
Melee: Dagger            |    36 |       ||    36
       Hand axe          |    88 |     7 ||    95
 Cast: Corona            |     6 |       ||     6
 Abil: Heal Wounds       |     3 |     1 ||     4
  Use: Scroll            |     4 |       ||     4
       Potion            |     2 |       ||     2
 Stab: Sleeping          |     1 |       ||     1
Armor: Robe              |    14 |       ||    14
       Chain mail        |   102 |       ||   102
Dodge: Dodged            |    79 |     3 ||    82

Table legend:
 A = Spawn XP
 B = Non-spawn XP
 C = Spawn XP percentage of total XP
 D = Spawn monster count
 E = Non-spawn monster count
 F = Spawn count percentage of total count
 G = Total turns spent on level
                    A         B        C        D         E        F      G
               +---------+---------+-------+---------+---------+-------+---------
         Total |       0 |     108 |   0.0 |       0 |      30 |   0.0 |   762
               +---------+---------+-------+---------+---------+-------+---------
           D:1 |       0 |      36 |   0.0 |       0 |      19 |   0.0 |   315
           D:2 |       0 |      15 |   0.0 |       0 |       8 |   0.0 |   174
           D:3 |       0 |       4 |   0.0 |       0 |       1 |   0.0 |    64
           D:5 |       0 |      40 |   0.0 |       0 |       1 |   0.0 |    27
           D:6 |       0 |      13 |   0.0 |       0 |       1 |   0.0 |   182
               +---------+---------+-------+---------+---------+-------+---------
